PIO (24 & UNDER)
COLORADO COMMANDERS @ SASKATOON SMOKIN' GUNS
08/25/2023
 
TOP OF THE 1ST
Colorado Commanders batting - Pitching for Saskatoon Smokin' Guns : RHP Luis Trujillo
Pitching: RHP Luis Trujillo
Batting: RHB Arnold Harmon 0-0: Ball
1-0: Ball
2-0: Called Strike
2-1: Ball
3-1: Foul Ball, location: 2F
3-2: Foul Ball, location: 2F
3-2: Foul Ball, location: 2F
3-2: Base on Balls
Batting: LHB Rafael Delgado 0-0: Ball
1-0: Ball
2-0: Called Strike
2-1: Ball
3-1: Base on Balls
Arnold Harmon to second
Batting: RHB Emílio Bruno 0-0: Called Strike
0-1: Called Strike
0-2: Ball
1-2: Ball
2-2: Strikes out swinging
Batting: RHB Diego Francisco 0-0: Called Strike
0-1: Ball
1-1: Fielders Choice at 2nd, U4 (Groundball, 4M)
Arnold Harmon to third
Batting: SHB George Adams 0-0: Ball
1-0: Swinging Strike
1-1: Foul Ball, location: 2F
1-2: Fielders Choice at 2nd, U4 (Groundball, 4M)
Top of the 1st over - 0 run(s), 0 hit(s), 0 error(s), 2 left on base; Colorado 0 - Saskatoon 0
BOTTOM OF THE 1ST
Saskatoon Smokin' Guns batting - Pitching for Colorado Commanders : LHP Matt Parker
Pitching: LHP Matt Parker
Batting: LHB Andrew Veeck 0-0: SINGLE (Groundball, 13) (infield hit)
Batting: LHB Raúl Casillán 0-0: Ball
1-0: Ball
2-0: Ball
3-0: Called Strike
3-1: Grounds into double play, 4-6-3 (Groundball, 4)
Batting: RHB Pedro Núñez 0-0: Called Strike
0-1: Swinging Strike
0-2: Strikes out looking
Bottom of the 1st over - 0 run(s), 1 hit(s), 0 error(s), 0 left on base; Colorado 0 - Saskatoon 0
TOP OF THE 2ND
Colorado Commanders batting - Pitching for Saskatoon Smokin' Guns : RHP Luis Trujillo
Batting: LHB Gary Kern 0-0: Called Strike
0-1: Ground out 6-3 (Groundball, 6)
Batting: RHB Emiel van Rhee 0-0: Called Strike
0-1: Ball
1-1: Ball
2-1: Foul Ball, location: 2F
2-2: Foul Ball, location: 2F
2-2: Strikes out looking
Batting: RHB Lee Price 0-0: Ball
1-0: Ball
2-0: Swinging Strike
2-1: Called Strike
2-2: Ground out 6-3 (Groundball, 6M)
Top of the 2nd over - 0 run(s), 0 hit(s), 0 error(s), 0 left on base; Colorado 0 - Saskatoon 0
BOTTOM OF THE 2ND
Saskatoon Smokin' Guns batting - Pitching for Colorado Commanders : LHP Matt Parker
Batting: RHB António Yánez 0-0: Ball
1-0: Swinging Strike
1-1: Ball
2-1: Foul Ball, location: 2F
2-2: Ball
3-2: Foul Ball, location: 2F
3-2: Ground out 4-3 (Groundball, 34)
Batting: RHB Eric Neal 0-0: Called Strike
0-1: Foul Ball, location: 2F
0-2: Strikes out swinging
Batting: RHB Tom Rowe 0-0: Fly out, F8 (Line Drive, 8RM)
Bottom of the 2nd over - 0 run(s), 0 hit(s), 0 error(s), 0 left on base; Colorado 0 - Saskatoon 0
TOP OF THE 3RD
Colorado Commanders batting - Pitching for Saskatoon Smokin' Guns : RHP Luis Trujillo
Batting: SHB Scott Compton 0-0: Ball
1-0: Swinging Strike
1-1: Foul Ball, location: 2F
1-2: Strikes out swinging
Batting: RHB Arnold Harmon 0-0: Ball
1-0: Ball
2-0: Ground out 2-3 (Groundball, 2R)
Batting: LHB Rafael Delgado 0-0: Called Strike
0-1: Ball
1-1: Foul Ball, location: 2F
1-2: Strikes out swinging
Top of the 3rd over - 0 run(s), 0 hit(s), 0 error(s), 0 left on base; Colorado 0 - Saskatoon 0
BOTTOM OF THE 3RD
Saskatoon Smokin' Guns batting - Pitching for Colorado Commanders : LHP Matt Parker
Batting: RHB Alvin Hampton 0-0: Fly out, F9 (Flyball, 89XD)
Batting: RHB Paul Swift 0-0: Ball
1-0: Called Strike
1-1: Ball
2-1: Ball
3-1: Base on Balls
Batting: LHB Bo Rush 0-0: Swinging Strike
0-1: Ball
1-1: Swinging Strike
1-2: Ball
2-2: Strikes out looking
Batting: LHB Andrew Veeck 0-0: Foul Ball, location: 2F
0-1: Foul Ball, location: 2F
0-2: Ball
1-2: Ball
2-2: Strikes out swinging
Bottom of the 3rd over - 0 run(s), 0 hit(s), 0 error(s), 1 left on base; Colorado 0 - Saskatoon 0
TOP OF THE 4TH
Colorado Commanders batting - Pitching for Saskatoon Smokin' Guns : RHP Luis Trujillo
Batting: RHB Emílio Bruno 0-0: Ball
1-0: Ball
2-0: Ball
3-0: Called Strike
3-1: SOLO HOME RUN (Flyball, 89XD), Distance : 453 ft
Batting: RHB Diego Francisco 0-0: Called Strike
0-1: Ball
1-1: Ball
2-1: Fly out, F5 (Line Drive, 56)
Batting: SHB George Adams 0-0: Foul Ball, location: 2F
0-1: Foul Ball, location: 2F
0-2: Foul Ball, location: 2F
0-2: Ball
1-2: Ground out 6-3 (Groundball, 6M)
Batting: LHB Gary Kern 0-0: Called Strike
0-1: Ball
1-1: Ball
2-1: Swinging Strike
2-2: Fly out, F9 (Line Drive, 9M)
Top of the 4th over - 1 run(s), 1 hit(s), 0 error(s), 0 left on base; Colorado 1 - Saskatoon 0
BOTTOM OF THE 4TH
Saskatoon Smokin' Guns batting - Pitching for Colorado Commanders : LHP Matt Parker
Batting: LHB Raúl Casillán 0-0: Swinging Strike
0-1: Ball
1-1: Fly out, F8 (Line Drive, 8LM)
Batting: RHB Pedro Núñez 0-0: Called Strike
0-1: Ball
1-1: SOLO HOME RUN (Flyball, 78XD), Distance : 450 ft
Batting: RHB António Yánez 0-0: Called Strike
0-1: Ball
1-1: Ball
2-1: Called Strike
2-2: Foul Ball, location: 2F
2-2: Foul Ball, location: 2F
2-2: Ball
3-2: Strikes out looking
Batting: RHB Eric Neal 0-0: Ball
1-0: Ball
2-0: Swinging Strike
2-1: Ball
3-1: Foul Ball, location: 2F
3-2: Strikes out swinging
Bottom of the 4th over - 1 run(s), 1 hit(s), 0 error(s), 0 left on base; Colorado 1 - Saskatoon 1
TOP OF THE 5TH
Colorado Commanders batting - Pitching for Saskatoon Smokin' Guns : RHP Luis Trujillo
Batting: RHB Emiel van Rhee 0-0: Called Strike
0-1: Called Strike
0-2: SINGLE (Groundball, 56D)
Batting: RHB Lee Price 0-0: Fly out, F9 (Flyball, 9M)
Batting: SHB Scott Compton 0-0: Ball
1-0: Ball
2-0: Ball
Emiel van Rhee steals 2nd base
3-0: Called Strike
3-1: Base on Balls
Batting: RHB Arnold Harmon 0-0: Ball
1-0: Foul Ball, location: 2F
1-1: DOUBLE (Flyball, 89XD)
Emiel van Rhee scores
Scott Compton to third
Runner from 3rd tries for Home, SAFE, throw made at trailing runner, SAFE at third!
Batting: LHB Rafael Delgado 0-0: Called Strike
0-1: Foul Ball, location: 2F
0-2: Ball
1-2: Ball
2-2: Foul Ball, location: 2F
2-2: Strikes out swinging passed ball, reaches first!
Arnold Harmon scores
Pitching: RHP Bernie Titus
Batting: RHB Emílio Bruno 0-0: Called Strike
Rafael Delgado steals 2nd base
0-1: Ball
1-1: Called Strike
Balk!
Rafael Delgado to third
1-2: Foul Ball, location: 2F
1-2: Ball
2-2: Strikes out looking
Batting: RHB Diego Francisco 0-0: Called Strike
0-1: Ball
1-1: Swinging Strike
1-2: Foul Ball, location: 2F
1-2: Strikes out looking
Top of the 5th over - 3 run(s), 2 hit(s), 0 error(s), 1 left on base; Colorado 4 - Saskatoon 1
BOTTOM OF THE 5TH
Saskatoon Smokin' Guns batting - Pitching for Colorado Commanders : LHP Matt Parker
Batting: RHB Tom Rowe 0-0: Fly out, F3 (Popup, 34)
Batting: RHB Alvin Hampton 0-0: Ball
1-0: Called Strike
1-1: SINGLE (Groundball, 56)
Batting: RHB Paul Swift 0-0: Called Strike
0-1: Foul Ball, location: 2F
0-2: SINGLE (Line Drive, 6MD)
Alvin Hampton to second
Batting: LHB Bo Rush 0-0: Ball
1-0: Ball
2-0: Called Strike
2-1: Called Strike
2-2: Strikes out swinging
Batting: LHB Andrew Veeck 0-0: Swinging Strike
0-1: Called Strike
0-2: Foul Ball, location: 2F
0-2: Ball
1-2: Strikes out looking
Bottom of the 5th over - 0 run(s), 2 hit(s), 0 error(s), 2 left on base; Colorado 4 - Saskatoon 1
TOP OF THE 6TH
Colorado Commanders batting - Pitching for Saskatoon Smokin' Guns : RHP Bernie Titus
Batting: SHB George Adams 0-0: Ball
1-0: Called Strike
1-1: Ball
2-1: Ground out U3 (Groundball, 3L)
Batting: LHB Gary Kern 0-0: Ground out U3 (Groundball, 3S)
Batting: RHB Emiel van Rhee 0-0: Swinging Strike
0-1: Ball
1-1: Ground out 5-3 (Groundball, 56)
Top of the 6th over - 0 run(s), 0 hit(s), 0 error(s), 0 left on base; Colorado 4 - Saskatoon 1
BOTTOM OF THE 6TH
Saskatoon Smokin' Guns batting - Pitching for Colorado Commanders : LHP Matt Parker
Batting: LHB Raúl Casillán 0-0: Swinging Strike
0-1: Swinging Strike
0-2: Foul Ball, location: 2F
0-2: Ground out 4-3 (Groundball, 4)
Batting: RHB Pedro Núñez 0-0: Called Strike
0-1: Ball
1-1: Foul Ball, location: 2F
1-2: Strikes out swinging
Batting: RHB António Yánez 0-0: Foul Ball, location: 2F
0-1: Ball
1-1: Ball
2-1: Swinging Strike
2-2: Foul Ball, location: 2F
2-2: Ball
3-2: Ground out 6-3 (Groundball, 6)
Bottom of the 6th over - 0 run(s), 0 hit(s), 0 error(s), 0 left on base; Colorado 4 - Saskatoon 1
TOP OF THE 7TH
Colorado Commanders batting - Pitching for Saskatoon Smokin' Guns : RHP Bernie Titus
Batting: RHB Lee Price 0-0: Foul Ball, location: 2F
0-1: Foul Ball, location: 2F
0-2: Fly out, F8 (Flyball, 8LS)
Pitching: LHP Manny Aguilar
Batting: SHB Scott Compton 0-0: Ball
1-0: Called Strike
1-1: Fly out, F8 (Line Drive, 8LS)
Batting: RHB Arnold Harmon 0-0: Called Strike
0-1: Called Strike
0-2: Foul Ball, location: 2F
0-2: Strikes out swinging
Top of the 7th over - 0 run(s), 0 hit(s), 0 error(s), 0 left on base; Colorado 4 - Saskatoon 1
BOTTOM OF THE 7TH
Saskatoon Smokin' Guns batting - Pitching for Colorado Commanders : LHP Matt Parker
Pitching: RHP Jerry Campbell
Now at SS: Tim Adkins
Batting: RHB Eric Neal 0-0: Foul Ball, location: 2F
0-1: Swinging Strike
0-2: Ball
1-2: Strikes out swinging
Batting: RHB Tom Rowe 0-0: Swinging Strike
0-1: Ball
1-1: Called Strike
1-2: Strikes out swinging
Batting: RHB Alvin Hampton 0-0: Ball
1-0: Ball
2-0: Ball
3-0: Called Strike
3-1: Called Strike
3-2: Strikes out swinging
Bottom of the 7th over - 0 run(s), 0 hit(s), 0 error(s), 0 left on base; Colorado 4 - Saskatoon 1
TOP OF THE 8TH
Colorado Commanders batting - Pitching for Saskatoon Smokin' Guns : LHP Manny Aguilar
Batting: LHB Rafael Delgado 0-0: Foul Ball, location: 2F
0-1: Swinging Strike
0-2: Strikes out swinging
Batting: RHB Emílio Bruno 0-0: Ball
1-0: Fly out, F8 (Flyball, 8LM)
Batting: RHB Diego Francisco 0-0: Foul Ball, location: 2F
0-1: Ball
1-1: Foul Ball, location: 2F
1-2: Strikes out swinging
Top of the 8th over - 0 run(s), 0 hit(s), 0 error(s), 0 left on base; Colorado 4 - Saskatoon 1
BOTTOM OF THE 8TH
Saskatoon Smokin' Guns batting - Pitching for Colorado Commanders : RHP Jerry Campbell
Batting: RHB Paul Swift 0-0: Ground out 5-3 (Groundball, 56)
Batting: LHB Bo Rush 0-0: Ball
1-0: SINGLE (Groundball, 5S) (infield hit)
Batting: LHB Andrew Veeck 0-0: Ball
1-0: Swinging Strike
1-1: Called Strike
1-2: Ball
2-2: Foul Ball, location: 2F
2-2: Fielders Choice at 2nd, 6-4 (Groundball, 6)
Batting: LHB Raúl Casillán 0-0: Foul Ball, location: 2F
0-1: Ball
Wild Pitch!
Andrew Veeck to second
1-1: Called Strike
1-2: Ball
2-2: Ball
3-2: Ground out 4-3 (Groundball, 4)
Bottom of the 8th over - 0 run(s), 1 hit(s), 0 error(s), 1 left on base; Colorado 4 - Saskatoon 1
TOP OF THE 9TH
Colorado Commanders batting - Pitching for Saskatoon Smokin' Guns : LHP Manny Aguilar
Batting: SHB George Adams 0-0: Called Strike
0-1: Ball
1-1: Foul Ball, location: 2F
1-2: Ball
2-2: Ball
3-2: Base on Balls
Batting: LHB Gary Kern 0-0: Bunted foul
0-1: Bunted foul
0-2: Ball
1-2: Ball
2-2: Foul Ball, location: 2F
2-2: Foul Ball, location: 2F
2-2: Strikes out swinging
Batting: RHB Tim Adkins 0-0: Ball
1-0: Fly out, F8 (Flyball, 8LM)
Batting: RHB Lee Price 0-0: Ball
1-0: Foul Ball, location: 2F
1-1: Ball
2-1: Called Strike
2-2: Strikes out looking
Top of the 9th over - 0 run(s), 0 hit(s), 0 error(s), 1 left on base; Colorado 4 - Saskatoon 1
BOTTOM OF THE 9TH
Saskatoon Smokin' Guns batting - Pitching for Colorado Commanders : RHP Jerry Campbell
Pitching: LHP Albert Alonzo
Batting: RHB Pedro Núñez 0-0: Ground out 6-3 (Groundball, 6)
Batting: RHB António Yánez 0-0: Ball
1-0: Swinging Strike
1-1: Ball
2-1: Ball
3-1: Base on Balls
Batting: RHB Eric Neal 0-0: Ball
1-0: DOUBLE (Flyball, 8LXD)
António Yánez to third
Runner from 3rd tries for Home, SAFE, no throw or cutoff
Pinch Hitting: RHB Kenny Thompson 0-0: Ball
1-0: Called Strike
1-1: Ball
2-1: Foul Ball, location: 2F
2-2: Foul Ball, location: 2F
2-2: Ball
3-2: Base on Balls
Batting: RHB Alvin Hampton 0-0: Ball
1-0: Swinging Strike
1-1: Ball
2-1: Fly out, F6 (Line Drive, 6)
Pinch Hitting: RHB Gary Spencer 0-0: Ball
1-0: Foul Ball, location: 2F
1-1: Swinging Strike
1-2: Ball
2-2: Ball
3-2: Base on Balls
Eric Neal to third
Kenny Thompson to second
Pinch Hitting: RHB Jason O'Toole 0-0: Ball
1-0: Ball
Wild Pitch!
Eric Neal scores
Kenny Thompson to third
Gary Spencer to second
2-0: Called Strike
2-1: Ball
3-1: Base on Balls
Batting: LHB Andrew Veeck 0-0: Swinging Strike
0-1: Foul Ball, location: 2F
0-2: Strikes out looking
Bottom of the 9th over - 2 run(s), 1 hit(s), 0 error(s), 3 left on base; Colorado 4 - Saskatoon 3
This league is powered by Out of the Park Baseball, the baseball management simulation game for PC, Mac and Linux
Wednesday, December 2nd, 2015 - OOTP Baseball 16.8 Build 38